 Dungeon Crawl Stone Soup version 0.30-a0-137-gd8773701ce (webtiles) character file.

Game seed: 5762623553034278317

33 jimonade the Shooter (level 3, 0/27 HPs)
             Began as a Formicid Hunter on Sept 23, 2022.
             Succumbed to an adder's poison
             ... on level 2 of the Dungeon.
             The game lasted 00:01:54 (1268 turns).

jimonade the Shooter (Formicid Hunter)              Turns: 1268, Time: 00:01:54

Health: 0/27       AC:  4    Str: 15    XL:     3   Next: 47%
Magic:  3/3        EV: 12    Int:  8    God:
Gold:   17         SH:  0    Dex: 19    Spells: 2/2 levels left

rFire   . . .      SeeInvis +    a - +0 shortbow
rCold   . . .      Faith    .    (no shield)
rNeg    . . .      Spirit   .    c - +0 leather armour
rPois   .          Reflect  .    (helmet unavailable)
rElec   .          Harm     .    g - +0 cloak
rCorr   .          Rampage  .    (no gloves)
Will    .....                    (no boots)
Stlth   ++........               (no amulet)
HPRegen 0.09/turn                (no ring)
MPRegen 0.08/turn                (no ring)

@: lethally poisoned (0 -> -4)
A: permanent stasis, dig shafts and tunnels, antennae 3, four strong arms
a: Dig, Shaft Self


You were on level 2 of the Dungeon.
You visited 1 branch of the dungeon, and saw 2 of its levels.

You collected 17 gold pieces.

Inventory:

Hand Weapons
 a - a +0 shortbow (weapon)
Armour
 c - a +0 leather armour (worn)
 g - a +0 cloak (worn)
Scrolls
 b - a scroll of immolation
 d - a scroll of amnesia {unknown}
 e - a scroll of poison {unknown}
 f - 3 scrolls of teleportation {unknown}
 h - 2 scrolls of acquirement {unknown}
Potions
 i - a potion of curing {unknown}


   Skills:
 - Level 2.1 Fighting
 + Level 5.1 Ranged Weapons
 - Level 1.7 Dodging
 - Level 1.2 Stealth


You had 2 spell levels left.
You didn't know any spells.
Your spell library was empty.

Dungeon Overview and Level Annotations

Branches:
Dungeon (2/15)

Altars:
Xom

Shops:
D:1 [?:*[


Innate Abilities, Weirdness & Mutations

You cannot be hasted, slowed, berserked, paralysed or teleported.
You can dig through walls and to a lower floor.
You have a pair of large antennae on your head. (SInv)
Your four strong arms can wield two-handed weapons with a shield.


Message History

The giant cockroach bites you.
The hobgoblin hits you but does no damage.
You are too injured to fight recklessly!
Fire: a) +0 shortbow
Press: ? - help, Q - select action, (/) - cycle Shift-Dir - straight line, f - adder, p - giant cockroach
Aim: an adder (48% to hit)
You shoot an arrow. The arrow hits the adder!
The adder is almost dead.
You feel very sick. The adder bites you.
* * * LOW HITPOINT WARNING * * *
You are lethally poisoned!
The adder poisons you!
The giant cockroach bites you but does no damage.
The hobgoblin hits you.
* * * LOW HITPOINT WARNING * * *
The adder closely misses you.
The giant cockroach completely misses you.
Fire: a) +0 shortbow
Press: ? - help, Q - select action, (/) - cycle Shift-Dir - straight line, f/p - adder
Aim: an adder (almost dead, 48% to hit)
You shoot an arrow. The arrow misses the adder.
* * * LOW HITPOINT WARNING * * *
You feel sick. The adder barely misses you. The hobgoblin hits you.
* * * LOW HITPOINT WARNING * * *
The giant cockroach bites you but does no damage.
Fire: a) +0 shortbow
Press: ? - help, Q - select action, (/) - cycle Shift-Dir - straight line, f/p - adder
Aim: an adder (almost dead, 48% to hit)
You shoot an arrow. The arrow hits the adder.
You kill the adder!
* * * LOW HITPOINT WARNING * * *
You feel sick. The giant cockroach bites you.
* * * LOW HITPOINT WARNING * * *
The hobgoblin misses you. The giant cockroach barely misses you.
Your Ranged Weapons skill increases to level 5!
* * * LOW HITPOINT WARNING * * *
You feel sick. The hobgoblin barely misses you.
The giant cockroach closely misses you.
You die...

# . ###### ###.#....#
..#.#....# ###
.........# #...
#.....g..##....
..#...†@.....♣
......B.....P♣.
..##...........## ###
#........#..#.. ..# #
#........#.##.# #.# .
#..#.....#.##.# #.###.
#..#.##.##.##.# #.#...
#..........##.###.....
#.##.##........†).#.#.


You could see a giant cockroach and a hobgoblin.

Vanquished Creatures
  An adder (D:2)
  A ball python (D:1)
  A bat (D:1)
  2 endoplasms
  2 giant cockroaches
  4 goblins
  A hobgoblin (D:2)
  3 quokkas
  2 kobolds (D:1)
  6 rats
23 creatures vanquished.

Vanquished Creatures (others)
  2 fungi (D:2)
2 creatures vanquished.

Grand Total: 25 creatures vanquished

Notes
Turn   | Place    | Note
-------+----------+-------------------------------------------
     0 | D:1      | jimonade the Formicid Hunter began the quest for the Orb.
     0 | D:1      | Reached XP level 1. HP: 16/16 MP: 1/1
    44 | D:1      | Reached XP level 2. HP: 18/22 MP: 2/2
   114 | D:1      | Found Kooz's Magic Scroll Boutique.
   482 | D:1      | Found Xaiggig's General Store.
   506 | D:1      | Found Wacecla's Antique Armour Shoppe.
   588 | D:1      | Found Avytapuf's Book Emporium.
   672 | D:1      | Found Wouphise's Antique Armour Boutique.
  1052 | D:2      | Found a shimmering altar of Xom.
  1215 | D:2      | Reached XP level 3. HP: 26/27 MP: 3/3
  1267 | D:2      | Reached skill level 5 in Ranged Weapons
  1267 | D:2      | HP: 1/27 [poisoned by an adder]
  1268 | D:2      | Succumbed to an adder's poison

Illustrated notes

Levels and vault maps discovered:
D:1:      elethiomel_arrival_diamonds, layout_loops_corners, serial_shops,
          shop_fountains, shop_fountains, shop, nicolae_lakefront_shop, shop
D:2:      layout_basic, dreamdust_ecumenical_altar_grove, basic_altar,
          serial_park_tiny_1

Skill      XL: |  1  2  3 |
---------------+----------+-----
Ranged Weapons | 5 |  5.1
Fighting       | |  2.1
Dodging        | |  1.7
Stealth        | |  1.2

Action                   || total
-------------------------++-------
 Fire: Shortbow          ||    72
Armor: Leather armour    ||    14
Dodge: Dodged            ||    28

Table legend: (Time is in decaauts)
 A = Elapsed time spent in this place.
 B = Non-inter-level travel time spent in this place.
 C = Inter-level travel time spent in this place.
 D = Time resting spent in this place.
 E = Time spent auto-exploring this place.
 F = Levels seen in this place.
 G = Mean time per level.
                   A        B        C        D        E       F      G
               +--------+--------+--------+--------+--------+-----+--------+
         Total |   1289 |   1247 |     42 |      0 |   1089 |   2 |  644.5 |
       Dungeon |   1289 |   1247 |     42 |      0 |   1089 |   2 |  644.5 |
               +--------+--------+--------+--------+--------+-----+--------+

Top non-repeatable levels by time:
     D:1: 1056 daAuts
     D:2: 232 daAuts
